Map: Odyssey LE

Players

Strange - Winner!

  • Race: Protoss Protoss
  • Spawn Location: 5:00

Denver

  • Race: Zerg Zerg
  • Spawn Location: 11:00

Event: WCS Valencia 2017

VOD

Have the link to the VOD?

Description

Time

  • Played on: July 13, 2017, 11:32 a.m.
  • Length: 8:06

All games in this series

Show
View Real Time Build Order
Export as new Build Order

Strange Protoss - Winner!

Build Orders: 1 Gate Expand 

Get SALT Encoding   

  12  0:00  Probe (Chrono Boost)  
  13  0:11  Probe (Chrono Boost)  
  14  0:17  Pylon  
  14  0:22  Probe (Chrono Boost)  
  16  0:35  Probe (Chrono Boost)  
  16  0:38  Gateway  
  16  0:43  Assimilator  
  16  0:47  Probe (Chrono Boost)  
  17  0:57  Probe (Chrono Boost)  
  18  1:08  Probe (Chrono Boost)  
  19  1:22  Nexus  
  20  1:25  Probe (Chrono Boost)  
  20  1:36  Cybernetics Core  
  20  1:39  Probe (Chrono Boost)  
  21  1:44  Assimilator  
  21  1:49  Probe (Chrono Boost)  
  21  1:54  Pylon  
  22  2:00  Probe (Chrono Boost)  
  23  2:12  Probe (Chrono Boost), Warp Gate (Chrono Boost), Adept (Chrono Boost)  
  26  2:22  Twilight Council  
  26  2:24  Probe  
  27  2:32  Probe  
  27  2:36  Probe  
  29  2:38  Adept (Chrono Boost)  
  29  2:42  Probe  
  31  2:48  Probe  
  33  2:53  Probe  
  33  2:56  Resonating Glaives (Chrono Boost)  
  34  3:07  Gateway  
  34  3:09  Probe, Gateway  
  34  3:10  Probe  
  36  3:14  Adept (Chrono Boost)  
  38  3:21  Probe  
  38  3:23  Probe  
  40  3:30  Pylon  
  40  3:34  Probe  
  41  3:35  Probe  
  41  3:36  Adept  
  44  3:46  Probe (Chrono Boost)  
  44  3:48  Probe (Chrono Boost)  
  46  3:53  Nexus  
  46  3:58  Mothership Core (Chrono Boost)  
  49  4:05  Pylon  
  48  4:13  Adept  
  48  4:14  Adept x2  
  54  4:21  Robotics Facility  
  54  4:22  Probe  
  54  4:24  Probe, Pylon  
  55  4:29  Assimilator  
  56  4:32  Assimilator  
  56  4:35  Probe  
  56  4:36  Probe  
  56  4:37  Sentry  
  56  4:38  Stalker  
  62  4:43  Sentry  
  64  4:45  Probe  
  64  4:48  Probe  
  66  4:55  Pylon  
  66  4:56  Probe  
  67  5:00  Probe  
  67  5:03  Probe, Stalker  
  71  5:08  Probe  
  71  5:10  Observer (Chrono Boost)  
  71  5:12  Probe  
  74  5:16  Probe, Adept  
  74  5:17  Sentry  
  74  5:20  Probe  
  80  5:23  Pylon  
  80  5:24  Probe (Chrono Boost)  
  80  5:28  Probe (Chrono Boost)  
  81  5:32  Probe (Chrono Boost)  
  81  5:34  Gateway  
  81  5:35  Gateway  
  83  5:37  Gateway  
  83  5:39  Gateway  
  83  5:40  Gateway  
  83  5:45  Warp Prism (Chrono Boost)  
  83  5:46  Adept  
  87  5:50  Probe x2  
  87  5:51  Sentry  
  87  5:52  Sentry  
  87  5:55  Pylon  
  93  6:05  Gateway  
  93  6:06  Gateway  
  93  6:11  Sentry  
  95  6:15  Pylon  
  95  6:16  Stalker x2  
  99  6:21  Pylon  
  99  6:30  Pylon  
  99  6:36  Stalker x5  
  99  6:37  Stalker  
  111  6:49  Pylon  
  111  6:54  Adept x2  
  113  6:59  Adept x5  
  113  7:00  Adept  
  109  7:21  Adept x7  
  109  7:22  Adept x3  
  99  7:41  Adept x8  
  99  7:42  Adept x2  
  101  8:03  Adept x8  
Show
View Real Time Build Order
Export as new Build Order

Denver Zerg 

Build Orders: Hatch First 

Get SALT Encoding   

  12  0:00  Drone  
  13  0:13  Overlord  
  13  0:16  Drone  
  14  0:31  Drone  
  14  0:32  Drone  
  16  0:36  Drone  
  17  0:52  Hatchery  
  17  0:55  Drone  
  17  0:59  Extractor  
  17  1:00  Drone  
  17  1:14  Spawning Pool  
  17  1:17  Drone  
  17  1:22  Drone  
  18  1:29  Drone  
  19  1:39  Overlord  
  19  1:50  Drone  
  20  2:01  Queen, Metabolic Boost  
  22  2:05  Queen  
  22  2:06  Zergling x2  
  25  2:10  Zergling x2  
  25  2:14  Drone  
  27  2:18  Drone  
  27  2:22  Drone  
  29  2:29  Drone  
  30  2:38  Hatchery  
  30  2:40  Drone  
  30  2:42  Drone  
  31  2:45  Drone  
  31  2:49  Overlord  
  32  2:56  Queen  
  34  3:00  Drone  
  34  3:01  Drone  
  36  3:07  Overlord  
  36  3:11  Drone x2  
  38  3:14  Drone x2  
  38  3:16  Drone  
  38  3:19  Drone  
  42  3:22  Overlord  
  42  3:29  Drone x2  
  42  3:33  Queen  
  46  3:37  Drone x2  
  46  3:41  Drone x2  
  50  3:43  Evolution Chamber  
  50  3:44  Drone  
  50  3:48  Drone  
  50  3:50  Baneling Nest  
  50  3:53  Zergling x4  
  51  3:56  Zergling x2  
  51  3:59  Queen  
  51  4:02  Zergling x2  
  55  4:03  Extractor  
  55  4:07  Zergling x2  
  55  4:08  Zergling x6  
  58  4:10  Zergling x2  
  58  4:12  Overlord  
  59  4:18  Drone x2  
  59  4:19  Drone x2  
  59  4:22  Zerg Melee Weapons Level 1  
  63  4:24  Overlord  
  63  4:26  Drone  
  64  4:33  Baneling x5  
  64  4:34  Zergling x2  
  64  4:35  Zergling x4  
  67  4:42  Drone x2  
  69  4:46  Drone x4  
  73  4:53  Roach Warren, Lair  
  73  4:56  Drone  
  73  4:59  Overlord x2  
  71  5:02  Overlord  
  71  5:06  Overlord  
  71  5:07  Overlord  
  71  5:10  Overlord  
  71  5:19  Overlord  
  71  5:23  Overlord  
  71  5:33  Roach  
  71  5:34  Roach x8  
  71  5:35  Roach  
  90  5:37  Drone x2  
  90  5:38  Drone  
  90  5:41  Drone  
  94  5:44  Zergling x2  
  94  5:48  Zergling x4  
  96  5:53  Extractor x2, Drone x3  
  96  5:58  Drone x3  
  96  5:59  Drone x2  
  96  6:00  Hydralisk Den  
  96  6:03  Drone  
  101  6:05  Drone x3  
  101  6:08  Drone  
  104  6:14  Overlord  
  104  6:19  Roach  
  104  6:21  Glial Reconstitution  
  104  6:24  Extractor, Hatchery, Zergling x8  
  104  6:25  Overseer  
  108  6:28  Zergling x8  
  108  6:30  Extractor  
  111  6:35  Zergling x10  
  111  6:37  Ravager x2  
  111  6:39  Zergling x2  
  119  6:43  Zergling x2  
  119  6:44  Zergling x2  
  119  6:46  Ravager  
  122  6:54  Zergling x8  
  116  6:57  Queen  
  116  6:58  Roach  
  116  6:59  Roach x3  
  123  7:02  Baneling x6  
  123  7:06  Zergling x6  
  123  7:09  Zergling x2  
  123  7:10  Zergling x4  
  121  7:16  Queen, Roach  
  121  7:21  Roach x4  
  121  7:22  Roach  
  124  7:25  Queen  
  115  7:34  Roach x3  
  115  7:35  Roach x5  
  122  7:39  Roach  
  109  7:44  Zergling x2  
Tags
 
Add a new tag
Caveats
  • Supply blocks, unpowered buildings, or Contaminate may cause inaccurate times.
  • Supply counts are checked every 10 seconds.